TOP OF THE 1ST |
Danville Braves batting - Pitching for Chicago (APP) Cubs : RHP Carlos Zavala
|
Pitching: RHP Carlos Zavala
|
|
Batting: RHB Zach Hulme
|
0-0: Ball 1-0: Ball 2-0: Ground out 6-3 (Groundball, 6D, EV 100.6 MPH)
|
Batting: RHB Brandon Burrell
|
0-0: Ball 1-0: Ball 2-0: SOLO HOME RUN (Flyball, 7D, EV 100.0 MPH), Distance : 395 ft
|
Batting: LHB Ben Goldstein
|
0-0: Ball 1-0: Ball 2-0: Foul Ball, location: 2F 2-1: Ball 3-1: Base on Balls
|
Batting: RHB Josh McCormick
|
0-0: Ball 1-0: Ball 2-0: Ball 3-0: Base on Balls Ben Goldstein to second
|
Batting: LHB Ryan Murdock
|
0-0: Ball 1-0: Called Strike 1-1: Grounds into double play, 5-4-3 (Groundball, 5, EV 80.6 MPH)
|
Top of the 1st over - 1 run, 1 hit, 0 errors, 1 left on base; Danville 1 - Chicago (APP) 0 |
BOTTOM OF THE 1ST |
Chicago (APP) Cubs batting - Pitching for Danville Braves : RHP Iestyn Nicholls
|
Pitching: RHP Iestyn Nicholls
|
|
Batting: RHB Hugo Torrez
|
0-0: Ball 1-0: Ground out 6-3 (Groundball, 6M, EV 81.9 MPH)
|
Batting: LHB Emir Jalil
|
0-0: Ball 1-0: Foul Ball, location: 2F 1-1: Ball 2-1: Foul Ball, location: 2F 2-2: Strikes out swinging
|
Batting: RHB Randy Schmitt
|
0-0: Called Strike 0-1: Swinging Strike 0-2: Strikes out looking
|
Bottom of the 1st over - 0 runs, 0 hits, 0 errors, 0 left on base; Danville 1 - Chicago (APP) 0 |
TOP OF THE 2ND |
Danville Braves batting - Pitching for Chicago (APP) Cubs : RHP Carlos Zavala
|
Pitching: RHP Nicolai Volnov
|
|
Batting: SHB Jose Melendez
|
0-0: Called Strike 0-1: Ball 1-1: Fly out, F3 (Popup, 3S, EV 71.9 MPH)
|
Batting: RHB Terry Hughes
|
0-0: Called Strike 0-1: Called Strike 0-2: Foul Ball, location: 2F 0-2: Ball 1-2: Ball 2-2: Ball 3-2: SOLO HOME RUN (Flyball, 8RXD, EV 111.9 MPH), Distance : 446 ft
|
Batting: RHB Gerard Michel
|
0-0: Swinging Strike 0-1: Ball 1-1: SINGLE (Groundball, 6MD, EV 94.4 MPH)
|
Batting: RHB Adrian Billups
|
0-0: Ball 1-0: SINGLE (Groundball, 56D, EV 98.8 MPH) Gerard Michel to second
|
Batting: RHB Zach Hulme
|
0-0: Ball 1-0: Fielders Choice at 2nd, 4-6 (Groundball, 4, EV 85.0 MPH) Gerard Michel to third
|
Batting: RHB Brandon Burrell
|
0-0: Ball 1-0: Ball Wild Pitch! Gerard Michel scores Zach Hulme to second 2-0: Called Strike 2-1: Called Strike 2-2: Ball 3-2: Strikes out swinging
|
Top of the 2nd over - 2 runs, 3 hits, 0 errors, 1 left on base; Danville 3 - Chicago (APP) 0 |
BOTTOM OF THE 2ND |
Chicago (APP) Cubs batting - Pitching for Danville Braves : RHP Iestyn Nicholls
|
Batting: RHB Mike Larson
|
0-0: Ball 1-0: Called Strike 1-1: Foul Ball, location: 2F 1-2: Ball 2-2: Foul Ball, location: 2F 2-2: Foul Ball, location: 2F 2-2: Ball 3-2: Foul Ball, location: 2F 3-2: SOLO HOME RUN (Flyball, 78XD, EV 115.6 MPH), Distance : 442 ft
|
Batting: RHB Josh Asch
|
0-0: Foul Ball, location: 2F 0-1: Ball 1-1: Ball 2-1: Swinging Strike 2-2: Ground out 6-3 (Groundball, 6S, EV 80.0 MPH)
|
Batting: RHB Jose Sanchez
|
0-0: Foul Ball, location: 2F 0-1: Ball 1-1: Called Strike 1-2: Foul Ball, location: 2F 1-2: Strikes out swinging
|
Batting: RHB Gilberto Alvarado
|
0-0: Called Strike 0-1: Ball 1-1: Ground out 5-3 (Groundball, 56, EV 85.0 MPH)
|
Bottom of the 2nd over - 1 run, 1 hit, 0 errors, 0 left on base; Danville 3 - Chicago (APP) 1 |
TOP OF THE 3RD |
Danville Braves batting - Pitching for Chicago (APP) Cubs : RHP Nicolai Volnov
|
Pitching: RHP Angel Pesina
|
|
Batting: LHB Ben Goldstein
|
0-0: Ball 1-0: Ball 2-0: SINGLE (Line Drive, 34, EV 98.8 MPH)
|
Batting: RHB Josh McCormick
|
0-0: Called Strike 0-1: Ball 1-1: Ball 2-1: Ball 3-1: Base on Balls Ben Goldstein to second
|
Batting: LHB Ryan Murdock
|
0-0: Ball 1-0: Foul Ball, location: 2F 1-1: Foul Ball, location: 2F 1-2: DOUBLE (Line Drive, 7LM, EV 104.4 MPH) Ben Goldstein scores Josh McCormick to third
|
Batting: SHB Jose Melendez
|
0-0: Ball 1-0: Ball 2-0: DOUBLE (Line Drive, 5D, EV 98.1 MPH) Josh McCormick scores Ryan Murdock scores
|
Batting: RHB Terry Hughes
|
0-0: Ball 1-0: Ball 2-0: Foul Ball, location: 2F 2-1: Called Strike 2-2: Foul Ball, location: 2F 2-2: Ball 3-2: Foul Ball, location: 2F 3-2: Foul Ball, location: 2F 3-2: Foul Ball, location: 2F 3-2: Base on Balls
|
Pitching: LHP Eddie Panagos
|
|
Batting: RHB Gerard Michel
|
0-0: Grounds into double play, 3-6-3 (Groundball, 34, EV 104.4 MPH) Jose Melendez to third
|
Batting: RHB Adrian Billups
|
0-0: Ball 1-0: Called Strike 1-1: Called Strike 1-2: Ball 2-2: Foul Ball, location: 2F 2-2: Ball 3-2: Strikes out swinging
|
Top of the 3rd over - 3 runs, 3 hits, 0 errors, 1 left on base; Danville 6 - Chicago (APP) 1 |
BOTTOM OF THE 3RD |
Chicago (APP) Cubs batting - Pitching for Danville Braves : RHP Iestyn Nicholls
|
Batting: LHB Hiroki Yamamoto
|
0-0: Ball 1-0: Swinging Strike 1-1: Ball 2-1: Foul Ball, location: 2F 2-2: Ball 3-2: Foul Ball, location: 2F 3-2: Strikes out swinging
|
Batting: RHB T.J. Garrison
|
0-0: Called Strike 0-1: Foul Ball, location: 2F 0-2: Ball 1-2: Ball 2-2: Fly out, F6 (Flyball, 56D, EV 95.6 MPH)
|
Batting: RHB Hugo Torrez
|
0-0: Ball 1-0: Called Strike 1-1: Ground out 6-3 (Groundball, 6, EV 84.4 MPH)
|
Bottom of the 3rd over - 0 runs, 0 hits, 0 errors, 0 left on base; Danville 6 - Chicago (APP) 1 |
TOP OF THE 4TH |
Danville Braves batting - Pitching for Chicago (APP) Cubs : LHP Eddie Panagos
|
Batting: RHB Zach Hulme
|
0-0: Called Strike 0-1: Foul Ball, location: 2F 0-2: Strikes out swinging
|
Batting: RHB Brandon Burrell
|
0-0: Called Strike 0-1: Reached on error, E6 (Groundball, 6, EV 80.6 MPH)
|
Batting: LHB Ben Goldstein
|
0-0: Called Strike 0-1: Called Strike 0-2: SINGLE (Groundball, 34, EV 109.4 MPH) Brandon Burrell to second Runner from 2nd tries for 3rd, SAFE, throw by RF made to third Ben Goldstein to second
|
Batting: RHB Josh McCormick
|
0-0: Ball 1-0: Called Strike 1-1: Swinging Strike 1-2: Ball 2-2: Foul Ball, location: 2F 2-2: Foul Ball, location: 2F 2-2: Ball 3-2: Base on Balls
|
Pitching: RHP Anastagio Fasola
|
|
Batting: LHB Ryan Murdock
|
0-0: Ball 1-0: Swinging Strike 1-1: Swinging Strike 1-2: Ball 2-2: Strikes out swinging
|
Batting: SHB Jose Melendez
|
0-0: Ball 1-0: Swinging Strike 1-1: Swinging Strike 1-2: Ball 2-2: Ball 3-2: Foul Ball, location: 2F 3-2: Reached on error, E4 (Groundball, 34, EV 84.4 MPH) Brandon Burrell scores Ben Goldstein scores Josh McCormick to third
|
Batting: RHB Terry Hughes
|
0-0: Called Strike 0-1: Ball 1-1: Ball 2-1: Ball 3-1: Fly out, F8 (Flyball, 89S, EV 95.6 MPH)
|
Top of the 4th over - 2 runs, 1 hit, 2 errors, 2 left on base; Danville 8 - Chicago (APP) 1 |
BOTTOM OF THE 4TH |
Chicago (APP) Cubs batting - Pitching for Danville Braves : RHP Iestyn Nicholls
|
Batting: LHB Emir Jalil
|
0-0: Ball 1-0: Foul Ball, location: 2F 1-1: Called Strike 1-2: Strikes out swinging
|
Batting: RHB Randy Schmitt
|
0-0: Ball 1-0: Ball 2-0: Called Strike 2-1: DOUBLE (Line Drive, 7LM, EV 107.5 MPH)
|
Batting: RHB Mike Larson
|
0-0: Called Strike 0-1: Foul Ball, location: 2F 0-2: Ball 1-2: Fly out, F6 (Flyball, 6MD, EV 72.5 MPH)
|
Batting: RHB Josh Asch
|
0-0: Called Strike 0-1: Ball 1-1: Called Strike 1-2: Ball 2-2: Strikes out swinging
|
Bottom of the 4th over - 0 runs, 1 hit, 0 errors, 1 left on base; Danville 8 - Chicago (APP) 1 |
TOP OF THE 5TH |
Danville Braves batting - Pitching for Chicago (APP) Cubs : RHP Anastagio Fasola
|
Batting: RHB Gerard Michel
|
0-0: Ball 1-0: Called Strike 1-1: Ball 2-1: Ball 3-1: TRIPLE (Flyball, 78XD, EV 103.1 MPH)
|
Pitching: LHP Alex Gandarilla
|
|
Batting: RHB Adrian Billups
|
0-0: Ball 1-0: Called Strike 1-1: Foul Ball, location: 2F 1-2: Foul Ball, location: 2F 1-2: SINGLE (Groundball, 6M, EV 81.9 MPH) (infield hit) Gerard Michel scores
|
Batting: RHB Zach Hulme
|
0-0: TRIPLE (Flyball, 89XD, EV 93.1 MPH) Adrian Billups scores
|
Batting: RHB Brandon Burrell
|
0-0: Ball 1-0: SINGLE (Line Drive, 89M, EV 105.6 MPH) Zach Hulme scores
|
Batting: LHB Ben Goldstein
|
0-0: Ball 1-0: Ball 2-0: Foul Ball, location: 2F 2-1: Ball 3-1: DOUBLE (Line Drive, 5D, EV 97.5 MPH) Brandon Burrell to third
|
Batting: RHB Josh McCormick
|
0-0: Swinging Strike 0-1: Swinging Strike 0-2: Fly out, F8 (Line Drive, 8LD, EV 88.1 MPH) Runner from 3rd tags up, SCORES, throw by CF Ben Goldstein to third
|
Batting: LHB Ryan Murdock
|
0-0: Foul Ball, location: 2F 0-1: Ball 1-1: Ball 2-1: Ball 3-1: SINGLE (Flyball, 56D, EV 89.4 MPH) Ben Goldstein scores
|
Pitching: RHP Juan Bonilla
|
|
Batting: SHB Jose Melendez
|
0-0: Ball 1-0: Called Strike 1-1: Ball 2-1: Fielders Choice at 2nd, 4-6 (Groundball, 4, EV 78.8 MPH)
|
Batting: RHB Terry Hughes
|
0-0: Fly out, F2 (Popup, 2LF, EV 97.5 MPH)
|
Top of the 5th over - 5 runs, 6 hits, 0 errors, 1 left on base; Danville 13 - Chicago (APP) 1 |
BOTTOM OF THE 5TH |
Chicago (APP) Cubs batting - Pitching for Danville Braves : RHP Iestyn Nicholls
|
Batting: RHB Jose Sanchez
|
0-0: Called Strike 0-1: Hit by Pitch
|
Batting: RHB Gilberto Alvarado
|
0-0: Called Strike 0-1: Foul Ball, location: 2F 0-2: SINGLE (Groundball, 5S, EV 70.0 MPH) (infield hit) Jose Sanchez to second
|
Batting: LHB Hiroki Yamamoto
|
0-0: Called Strike 0-1: Fly out, F9 (Flyball, 9D, EV 98.8 MPH)
|
Batting: RHB T.J. Garrison
|
0-0: Ball 1-0: Ball 2-0: Foul Ball, location: 2F 2-1: Foul Ball, location: 2F 2-2: Ball 3-2: Base on Balls Jose Sanchez to third Gilberto Alvarado to second
|
Batting: RHB Hugo Torrez
|
0-0: Ball 1-0: Ball 2-0: Called Strike 2-1: Ball 3-1: Swinging Strike 3-2: Foul Ball, location: 2F 3-2: Strikes out looking
|
Batting: LHB Emir Jalil
|
0-0: Called Strike 0-1: Swinging Strike Passed Ball! Jose Sanchez scores Gilberto Alvarado to third T.J. Garrison to second 0-2: Foul Ball, location: 2F 0-2: Ball 1-2: Foul Ball, location: 2F 1-2: Strikes out looking
|
Bottom of the 5th over - 1 run, 1 hit, 0 errors, 2 left on base; Danville 13 - Chicago (APP) 2 |
TOP OF THE 6TH |
Danville Braves batting - Pitching for Chicago (APP) Cubs : RHP Juan Bonilla
|
Batting: RHB Gerard Michel
|
0-0: Called Strike 0-1: Ball 1-1: Ball 2-1: Called Strike 2-2: Ball 3-2: Foul Ball, location: 2F 3-2: Foul Ball, location: 2F 3-2: SINGLE (Line Drive, 78S, EV 110.0 MPH)
|
Batting: RHB Adrian Billups
|
0-0: Ball Wild Pitch! Gerard Michel to second 1-0: Ball 2-0: Called Strike 2-1: Ball 3-1: Base on Balls
|
Batting: RHB Zach Hulme
|
0-0: Called Strike 0-1: Fielders Choice at 2nd, 6-4 (Groundball, 6, EV 81.2 MPH) Gerard Michel to third
|
Batting: RHB Brandon Burrell
|
0-0: 3-RUN HOME RUN (Line Drive, 7LD, EV 99.4 MPH), Distance : 364 ft
|
Batting: LHB Ben Goldstein
|
0-0: Ball 1-0: Called Strike 1-1: Ball 2-1: Ground out 6-3 (Groundball, 6, EV 91.2 MPH)
|
Batting: RHB Josh McCormick
|
0-0: Called Strike 0-1: Ball 1-1: Swinging Strike 1-2: Fly out, F8 (Flyball, 8RD, EV 106.2 MPH)
|
Top of the 6th over - 3 runs, 2 hits, 0 errors, 0 left on base; Danville 16 - Chicago (APP) 2 |
BOTTOM OF THE 6TH |
Chicago (APP) Cubs batting - Pitching for Danville Braves : RHP Iestyn Nicholls
|
Pitching: RHP Tyler Duffy
|
|
Batting: RHB Randy Schmitt
|
0-0: Ball 1-0: Fly out, F9 (Flyball, 89M, EV 84.4 MPH)
|
Batting: RHB Mike Larson
|
0-0: Ball 1-0: Ball 2-0: Ball 3-0: Called Strike 3-1: SINGLE (Groundball, 56D, EV 104.4 MPH)
|
Batting: RHB Josh Asch
|
0-0: Ball 1-0: Called Strike 1-1: Foul Ball, location: 2F 1-2: Ball 2-2: Strikes out swinging
|
Batting: RHB Jose Sanchez
|
0-0: Ball 1-0: Foul Ball, location: 2F 1-1: Swinging Strike 1-2: Fly out, F8 (Flyball, 8RM, EV 90.0 MPH)
|
Bottom of the 6th over - 0 runs, 1 hit, 0 errors, 1 left on base; Danville 16 - Chicago (APP) 2 |
TOP OF THE 7TH |
Danville Braves batting - Pitching for Chicago (APP) Cubs : RHP Juan Bonilla
|
Batting: LHB Ryan Murdock
|
0-0: Called Strike 0-1: Hit by Pitch
|
Batting: SHB Jose Melendez
|
0-0: Ball 1-0: Fly out, F8 (Flyball, 8LM, EV 86.2 MPH)
|
Batting: RHB Terry Hughes
|
0-0: Foul Ball, location: 2F 0-1: Ball 1-1: Foul Ball, location: 2F 1-2: Foul Ball, location: 2F 1-2: SINGLE (Groundball, 34D, EV 100.6 MPH) Ryan Murdock to second
|
Batting: RHB Gerard Michel
|
0-0: Foul Ball, location: 2F 0-1: Ball 1-1: Ground out 5-3 (Groundball, 56, EV 95.0 MPH) Ryan Murdock to third Terry Hughes to second
|
Pitching: RHP Josh Burns
|
|
Batting: RHB Adrian Billups
|
0-0: Called Strike 0-1: Called Strike 0-2: Ball 1-2: Foul Ball, location: 2F 1-2: Ball 2-2: Ball 3-2: Base on Balls
|
Batting: RHB Zach Hulme
|
0-0: Foul Ball, location: 2F 0-1: Ball 1-1: Ball Balk! Ryan Murdock scores Terry Hughes to third Adrian Billups to second 2-1: Ball 3-1: Base on Balls
|
Batting: RHB Brandon Burrell
|
0-0: Called Strike 0-1: Fly out, F4 (Popup, 4S, EV 66.9 MPH)
|
Top of the 7th over - 1 run, 1 hit, 0 errors, 3 left on base; Danville 17 - Chicago (APP) 2 |
BOTTOM OF THE 7TH |
Chicago (APP) Cubs batting - Pitching for Danville Braves : RHP Tyler Duffy
|
Batting: RHB Gilberto Alvarado
|
0-0: Called Strike 0-1: DOUBLE (Line Drive, 7LM, EV 109.4 MPH)
|
Batting: LHB Hiroki Yamamoto
|
0-0: Ground out 6-3 (Groundball, 4M, EV 87.5 MPH) Gilberto Alvarado to third
|
Batting: RHB T.J. Garrison
|
0-0: Ball 1-0: Ball 2-0: Foul Ball, location: 2F 2-1: Fly out, F6 (Popup, P, EV 78.8 MPH)
|
Batting: RHB Hugo Torrez
|
0-0: Ball 1-0: Called Strike 1-1: Swinging Strike 1-2: Foul Ball, location: 2F 1-2: Ground out 1-3 (Groundball, 25, EV 66.2 MPH)
|
Bottom of the 7th over - 0 runs, 1 hit, 0 errors, 1 left on base; Danville 17 - Chicago (APP) 2 |
TOP OF THE 8TH |
Danville Braves batting - Pitching for Chicago (APP) Cubs : RHP Josh Burns
|
Batting: LHB Ben Goldstein
|
0-0: Called Strike 0-1: Foul Ball, location: 2F 0-2: Ball 1-2: Ball 2-2: Foul Ball, location: 2F 2-2: Foul Ball, location: 2F 2-2: Ball 3-2: Strikes out swinging
|
Batting: RHB Josh McCormick
|
0-0: Ground out 5-3 (Groundball, 5, EV 81.2 MPH)
|
Batting: LHB Ryan Murdock
|
0-0: Ball 1-0: Called Strike 1-1: Foul Ball, location: 2F 1-2: SINGLE (Line Drive, 8RS, EV 96.2 MPH)
|
Batting: SHB Jose Melendez
|
0-0: Ball 1-0: Called Strike 1-1: Ball 2-1: Fly out, F7 (Line Drive, 7, EV 94.4 MPH)
|
Top of the 8th over - 0 runs, 1 hit, 0 errors, 1 left on base; Danville 17 - Chicago (APP) 2 |
BOTTOM OF THE 8TH |
Chicago (APP) Cubs batting - Pitching for Danville Braves : RHP Tyler Duffy
|
Batting: LHB Emir Jalil
|
0-0: Ball 1-0: Ball 2-0: Fly out, F9 (Flyball, 9, EV 80.6 MPH)
|
Batting: RHB Randy Schmitt
|
0-0: Called Strike 0-1: Swinging Strike 0-2: Foul Ball, location: 2F 0-2: Ball 1-2: Strikes out swinging
|
Batting: RHB Mike Larson
|
0-0: Called Strike 0-1: Ball 1-1: Fly out, F7 (Flyball, 7S, EV 86.2 MPH)
|
Bottom of the 8th over - 0 runs, 0 hits, 0 errors, 0 left on base; Danville 17 - Chicago (APP) 2 |
TOP OF THE 9TH |
Danville Braves batting - Pitching for Chicago (APP) Cubs : RHP Josh Burns
|
Batting: RHB Terry Hughes
|
0-0: Ball 1-0: Ball 2-0: Fly out, F8 (Flyball, 89D, EV 95.0 MPH)
|
Batting: RHB Gerard Michel
|
0-0: Called Strike 0-1: Foul Ball, location: 2F 0-2: Foul Ball, location: 2F 0-2: Ground out 5-3 (Groundball, 56, EV 110.0 MPH)
|
Batting: RHB Adrian Billups
|
0-0: Ball 1-0: Ball 2-0: Fly out, F3 (Popup, 3F, EV 56.2 MPH)
|
Top of the 9th over - 0 runs, 0 hits, 0 errors, 0 left on base; Danville 17 - Chicago (APP) 2 |
BOTTOM OF THE 9TH |
Chicago (APP) Cubs batting - Pitching for Danville Braves : RHP Tyler Duffy
|
Pitching: RHP Geronimo Savio
|
|
Batting: RHB Josh Asch
|
0-0: SINGLE (Line Drive, 89S, EV 87.5 MPH)
|
Batting: RHB Jose Sanchez
|
0-0: Called Strike 0-1: Ball 1-1: Foul Ball, location: 2F 1-2: Grounds into double play, 5-4-3 (Groundball, 56S, EV 90.0 MPH)
|
Batting: RHB Gilberto Alvarado
|
0-0: Ball 1-0: Ball 2-0: SINGLE (Flyball, 6D, EV 88.1 MPH)
|
Batting: LHB Hiroki Yamamoto
|
0-0: Foul Ball, location: 2F 0-1: Ball 1-1: Fly out, F8 (Line Drive, 8LS, EV 106.9 MPH)
|
Bottom of the 9th over - 0 runs, 2 hits, 0 errors, 1 left on base; Danville 17 - Chicago (APP) 2 |
|